[ AOE2 MATCH · #474295945 ]
1v1 RMBurgundians vs Magyars
Rival team · WIN
[ REPLAY ANALYSIS · EXTRACTED FROM THE RECORDED GAME ]
Feudal
10:25
Castle
22:23
Imperial
37:51
| APM avg | 26.7 |
| APM peak | 72 |
| eAPM avg | 16.3 |
| Villagers / military | 207 / 276 |
Focus
⚔️ 38.8% · 🌾 61.2%
Skirmisher ×156 · Spearman ×73 · Coustillier ×16 · Flemish Militia ×13 · Hand Cannoneer ×7 · Militia ×5
Feudal
8:33
Castle
23:08
Imperial
45:28
| APM avg | 42.1 |
| APM peak | 96 |
| eAPM avg | 20.7 |
| Villagers / military | 105 / 197 |
Focus
⚔️ 35.5% · 🌾 64.5%
Knight ×86 · Cavalry Archer ×69 · Scorpion ×23 · Mangonel ×7 · Scout Cavalry ×6 · Trebuchet (Packed) ×4
Match map
Initial resources + every placement click. Lines = walls · curves = elevation contours. ◆ gold · ⬟ stone · ● berries · ✦ relic · ◌ wall gap
Your base· Open — unwalled flank
Deanu Reeves's base· ✓ Closed at 23:08 · 30t walls · 3 gate(s)
Smoothed initial terrain · ◌ = detected wall gap · hover for details
Inputs per minute
— klausius - - Deanu Reeves
Build order — klausius
First 150 of 649 actions detected
| 0:00 | Create | Villager (Male) |
| 0:00 | Create | Villager (Male) |
| 0:01 | Create | Villager (Male) |
| 0:01 | Create | Villager (Male) |
| 0:02 | Build | House |
| 0:04 | Build | House |
| 1:33 | Create | Villager (Male) |
| 1:44 | Build | Lumber Camp |
| 2:01 | Create | Villager (Male) |
| 2:01 | Create | Villager (Male) |
| 2:14 | Create | Villager (Male) |
| 2:50 | Create | Villager (Male) |
| 3:10 | Build | House |
| 3:21 | Create | Villager (Male) |
| 3:30 | Create | Villager (Male) |
| 4:16 | Create | Villager (Male) |
| 4:29 | Create | Villager (Male) |
| 4:33 | Build | Mill |
| 5:01 | Create | Villager (Male) |
| 5:13 | Research | Double-Bit Axe |
| 5:28 | Build | House |
| 5:41 | Create | Villager (Male) |
| 6:00 | Create | Villager (Male) |
| 6:00 | Create | Villager (Male) |
| 6:49 | Research | Loom |
| 7:01 | Build | Barracks |
| 7:22 | Build | Palisade Wall |
| 7:24 | Build | Palisade Wall |
| 7:25 | Create | Villager (Male) |
| 7:45 | Create | Villager (Male) |
| 8:13 | Research | Feudal Age |
| 8:21 | Build | House |
| 8:26 | Build | House |
| 8:56 | Build | Mining Camp |
| 9:05 | Build | House |
| 9:16 | Create | Villager (Male) |
| 9:16 | Create | Villager (Male) |
| 9:54 | Research | Horse Collar |
| 10:17 | Build | Palisade Wall |
| 10:21 | Research | Gold Mining |
| 10:25 | Age | Feudal Age |
| 10:32 | Create | Villager (Male) |
| 10:32 | Create | Villager (Male) |
| 10:38 | Build | Stable |
| 10:51 | Create | Spearman |
| 10:53 | Create | Flemish Militia |
| 11:27 | Create | Flemish Militia |
| 11:27 | Create | Flemish Militia |
| 11:47 | Build | Blacksmith |
| 11:50 | Build | House |
| 11:59 | Create | Villager (Male) |
| 11:59 | Create | Villager (Male) |
| 12:17 | Research | Bow Saw |
| 12:24 | Build | Farm |
| 12:32 | Build | Farm |
| 12:52 | Build | Farm |
| 12:58 | Build | Farm |
| 12:59 | Create | Villager (Male) |
| 13:00 | Create | Villager (Male) |
| 13:13 | Build | House |
| 13:16 | Build | House |
| 13:17 | Build | House |
| 13:19 | Build | House |
| 13:47 | Build | Lumber Camp |
| 13:49 | Build | House |
| 13:53 | Build | Palisade Wall |
| 14:02 | Create | Villager (Male) |
| 14:02 | Create | Villager (Male) |
| 14:08 | Create | Flemish Militia |
| 14:19 | Build | Farm |
| 14:20 | Build | Farm |
| 14:24 | Build | House |
| 14:29 | Build | House |
| 14:38 | Create | Villager (Male) |
| 14:43 | Build | Farm |
| 15:16 | Build | Farm |
| 15:18 | Build | Farm |
| 15:24 | Create | Villager (Male) |
| 15:29 | Build | Farm |
| 15:41 | Build | House |
| 16:10 | Build | Farm |
| 16:12 | Build | Farm |
| 16:13 | Build | Farm |
| 16:14 | Create | Villager (Male) |
| 16:15 | Create | Villager (Male) |
| 16:17 | Research | Wheelbarrow |
| 16:36 | Build | Market |
| 16:50 | Build | Farm |
| 16:56 | Create | Villager (Male) |
| 16:57 | Create | Villager (Male) |
| 17:10 | Research | Scale Mail Armor |
| 17:18 | Build | Farm |
| 17:40 | Build | Farm |
| 18:33 | Create | Villager (Male) |
| 18:55 | Research | Arson |
| 19:00 | Create | Villager (Male) |
| 19:08 | Create | Villager (Male) |
| 19:18 | Build | Barracks |
| 19:43 | Research | Castle Age |
| 19:59 | Build | Farm |
| 20:00 | Build | Farm |
| 20:00 | Build | Farm |
| 20:00 | Build | Farm |
| 20:17 | Create | Villager (Male) |
| 20:17 | Create | Villager (Male) |
| 20:24 | Create | Flemish Militia |
| 20:24 | Create | Flemish Militia |
| 20:47 | Research | Town Watch |
| 21:03 | Research | Forging |
| 21:27 | Research | Heavy Plow |
| 21:51 | Create | Flemish Militia |
| 21:51 | Create | Flemish Militia |
| 21:53 | Create | Flemish Militia |
| 21:53 | Create | Flemish Militia |
| 22:18 | Create | Flemish Militia |
| 22:23 | Age | Castle Age |
| 22:24 | Research | Gold Mining |
| 22:29 | Build | Town Center |
| 22:49 | Build | Monastery |
| 22:58 | Create | Villager (Male) |
| 22:59 | Create | Villager (Male) |
| 23:10 | Research | Chain Mail Armor |
| 23:48 | Create | Villager (Male) |
| 23:56 | Build | Lumber Camp |
| 24:14 | Create | Villager (Male) |
| 24:14 | Create | Villager (Male) |
| 24:14 | Create | Villager (Male) |
| 24:14 | Create | Villager (Male) |
| 24:34 | Create | Monk |
| 24:43 | Build | House |
| 24:49 | Create | Villager (Male) |
| 24:49 | Create | Villager (Male) |
| 24:51 | Create | Villager (Male) |
| 25:05 | Build | Town Center |
| 25:09 | Create | Villager (Male) |
| 25:10 | Create | Villager (Male) |
| 25:15 | Build | Farm |
| 25:17 | Build | Farm |
| 25:24 | Create | Flemish Militia |
| 25:24 | Create | Flemish Militia |
| 25:25 | Research | Squires |
| 25:58 | Create | Villager (Male) |
| 25:58 | Create | Villager (Male) |
| 25:59 | Create | Villager (Male) |
| 25:59 | Create | Villager (Male) |
| 26:21 | Build | Mining Camp |
| 26:22 | Create | Villager (Male) |
| 26:23 | Create | Villager (Male) |
| 26:23 | Create | Villager (Male) |
| 26:23 | Create | Villager (Male) |
Build order — Deanu Reeves
First 150 of 453 actions detected
| 0:00 | Create | Villager (Male) |
| 0:01 | Create | Villager (Male) |
| 0:02 | Build | House |
| 0:05 | Build | House |
| 0:34 | Create | Villager (Male) |
| 0:45 | Create | Villager (Male) |
| 1:41 | Create | Villager (Male) |
| 2:05 | Create | Villager (Male) |
| 2:32 | Create | Villager (Male) |
| 2:40 | Build | Lumber Camp |
| 2:54 | Create | Villager (Male) |
| 3:21 | Create | Villager (Male) |
| 3:41 | Create | Villager (Male) |
| 3:59 | Create | Villager (Male) |
| 4:05 | Build | House |
| 4:32 | Create | Villager (Male) |
| 4:53 | Research | Loom |
| 5:22 | Create | Villager (Male) |
| 5:31 | Build | Mill |
| 6:23 | Research | Feudal Age |
| 7:39 | Build | Barracks |
| 8:32 | Create | Villager (Male) |
| 8:33 | Age | Feudal Age |
| 8:38 | Build | Stable |
| 8:50 | Create | Villager (Male) |
| 8:52 | Build | Farm |
| 8:59 | Build | House |
| 9:00 | Build | Palisade Wall |
| 9:22 | Create | Scout Cavalry |
| 9:22 | Create | Scout Cavalry |
| 9:41 | Create | Villager (Male) |
| 9:43 | Build | Farm |
| 10:03 | Create | Villager (Male) |
| 10:06 | Build | Palisade Gate |
| 10:12 | Create | Scout Cavalry |
| 10:18 | Build | Farm |
| 10:22 | Create | Villager (Male) |
| 10:29 | Create | Scout Cavalry |
| 10:56 | Create | Villager (Male) |
| 10:59 | Build | House |
| 11:10 | Create | Scout Cavalry |
| 11:15 | Build | Farm |
| 12:04 | Create | Scout Cavalry |
| 12:13 | Create | Villager (Male) |
| 12:21 | Build | House |
| 12:24 | Build | Palisade Wall |
| 12:29 | Build | Palisade Wall |
| 12:31 | Build | House |
| 12:32 | Build | Palisade Wall |
| 12:33 | Build | Palisade Wall |
| 12:34 | Build | Palisade Wall |
| 12:43 | Create | Villager (Male) |
| 12:57 | Create | Villager (Male) |
| 13:07 | Build | Palisade Gate |
| 13:09 | Build | House |
| 13:15 | Build | House |
| 13:18 | Build | Palisade Gate |
| 13:20 | Build | Palisade Wall |
| 13:23 | Create | Villager (Male) |
| 13:29 | Build | Palisade Wall |
| 14:16 | Create | Villager (Male) |
| 14:18 | Build | Farm |
| 14:19 | Build | Farm |
| 14:26 | Build | Farm |
| 14:29 | Build | Farm |
| 14:31 | Build | Farm |
| 14:34 | Build | Farm |
| 14:37 | Create | Villager (Male) |
| 14:40 | Build | Farm |
| 14:43 | Build | Farm |
| 14:48 | Build | Farm |
| 14:53 | Create | Villager (Male) |
| 15:14 | Create | Villager (Male) |
| 16:07 | Create | Villager (Male) |
| 16:10 | Build | Mining Camp |
| 16:28 | Create | Villager (Male) |
| 16:58 | Create | Villager (Male) |
| 17:02 | Create | Villager (Male) |
| 17:20 | Build | Market |
| 17:39 | Create | Villager (Male) |
| 17:45 | Build | Farm |
| 18:06 | Create | Villager (Male) |
| 18:20 | Create | Villager (Male) |
| 18:47 | Build | Lumber Camp |
| 18:58 | Build | Watch Tower |
| 19:08 | Create | Villager (Male) |
| 19:14 | Build | House |
| 19:20 | Create | Villager (Male) |
| 19:26 | Build | House |
| 19:49 | Build | Stone Wall |
| 19:50 | Build | Stone Wall |
| 20:03 | Create | Villager (Male) |
| 20:27 | Research | Castle Age |
| 20:45 | Create | Villager (Male) |
| 20:50 | Build | Archery Range |
| 20:53 | Build | Archery Range |
| 21:14 | Build | Stable |
| 21:36 | Build | House |
| 21:56 | Build | Blacksmith |
| 21:58 | Research | Double-Bit Axe |
| 22:17 | Build | Stone Wall |
| 22:20 | Build | Stone Wall |
| 22:49 | Research | Fletching |
| 23:08 | Age | Castle Age |
| 23:11 | Create | Cavalry Archer |
| 23:12 | Create | Cavalry Archer |
| 23:12 | Create | Cavalry Archer |
| 23:15 | Create | Knight |
| 23:15 | Create | Knight |
| 23:21 | Create | Villager (Male) |
| 23:37 | Build | Town Center |
| 23:55 | Create | Villager (Male) |
| 24:09 | Create | Cavalry Archer |
| 24:09 | Create | Cavalry Archer |
| 24:13 | Create | Villager (Male) |
| 24:17 | Create | Villager (Male) |
| 24:17 | Create | Villager (Male) |
| 24:20 | Build | Farm |
| 24:22 | Build | Farm |
| 24:25 | Create | Villager (Male) |
| 24:28 | Build | House |
| 24:37 | Create | Cavalry Archer |
| 24:37 | Create | Cavalry Archer |
| 24:51 | Create | Villager (Male) |
| 25:05 | Create | Villager (Male) |
| 25:10 | Build | Farm |
| 25:13 | Build | Farm |
| 25:15 | Build | Farm |
| 25:17 | Create | Villager (Male) |
| 25:18 | Create | Villager (Male) |
| 25:30 | Create | Cavalry Archer |
| 25:30 | Create | Cavalry Archer |
| 25:36 | Create | Villager (Male) |
| 25:43 | Build | Farm |
| 25:45 | Build | Farm |
| 26:01 | Build | Gate |
| 26:36 | Create | Cavalry Archer |
| 26:36 | Create | Cavalry Archer |
| 26:42 | Create | Villager (Male) |
| 26:43 | Create | Villager (Male) |
| 26:44 | Create | Villager (Male) |
| 26:45 | Create | Villager (Male) |
| 26:47 | Build | Farm |
| 26:53 | Build | Town Center |
| 26:58 | Build | Stone Wall |
| 27:06 | Create | Cavalry Archer |
| 27:06 | Create | Cavalry Archer |
| 27:13 | Research | Bodkin Arrow |
| 27:25 | Build | House |
| 27:30 | Create | Villager (Male) |
Match timeline
| 7:01 | klausius · first_building Barracks |
| 7:22 | klausius · wall_segment Palisade Wall x10 |
| 7:24 | klausius · wall_segment Palisade Wall x1 |
| 7:39 | Deanu Reeves · first_building Barracks |
| 8:33 | Deanu Reeves · age_up feudal |
| 8:38 | Deanu Reeves · first_building Stable |
| 9:00 | Deanu Reeves · wall_segment Palisade Wall x1 |
| 10:17 | klausius · wall_segment Palisade Wall x1 |
| 10:25 | klausius · age_up feudal |
| 10:38 | klausius · first_building Stable |
| 12:24 | Deanu Reeves · wall_segment Palisade Wall x3 |
| 12:29 | Deanu Reeves · wall_segment Palisade Wall x9 |
| 12:32 | Deanu Reeves · wall_segment Palisade Wall x1 |
| 12:33 | Deanu Reeves · wall_segment Palisade Wall x1 |
| 12:34 | Deanu Reeves · wall_segment Palisade Wall x1 |
| 13:20 | Deanu Reeves · wall_segment Palisade Wall x5 |
| 13:29 | Deanu Reeves · wall_segment Palisade Wall x5 |
| 13:53 | klausius · wall_segment Palisade Wall x1 |
| 18:14 | klausius · first_market_buy 100 food |
| 18:18 | klausius · first_market_sell 100 wood |
| 19:49 | Deanu Reeves · wall_segment Stone Wall x1 |
| 19:50 | Deanu Reeves · wall_segment Stone Wall x1 |
| 20:50 | Deanu Reeves · first_building Archery Range |
| 22:17 | Deanu Reeves · wall_segment Stone Wall x1 |
| 22:20 | Deanu Reeves · wall_segment Stone Wall x1 |
| 22:23 | klausius · age_up castle |
| 22:49 | klausius · first_building Monastery |
| 23:08 | Deanu Reeves · age_up castle |
| 23:33 | Deanu Reeves · first_market_sell 100 food |
| 23:34 | Deanu Reeves · first_market_buy 100 stone |
| 26:42 | klausius · first_building Archery Range |
| 26:58 | Deanu Reeves · wall_segment Stone Wall x1 |
| 30:07 | Deanu Reeves · first_building Siege Workshop |
| 33:21 | Deanu Reeves · first_building Monastery |
| 33:35 | klausius · first_building Castle |
| 36:07 | klausius · first_building Siege Workshop |
| 37:51 | klausius · age_up imperial |
| 43:59 | Deanu Reeves · first_building Castle |
| 45:28 | Deanu Reeves · age_up imperial |
| 60:34 | klausius · resign |
[ AI ANALYSIS · 1 CREDIT ]
What really happened in this match?
Wolo.gg analyzes every decision: build order, eco, micro, common mistakes by bracket. Personalized analysis on WhatsApp or Discord in 30 seconds.
Civ guide
Burgundians
Map guide
Arabia
Perfil
Jugador #20792074